 Dungeon Crawl Stone Soup version 0.30-a0-310-g7d6cbdfea6 (webtiles) character file.

Game seed: 7611245709478674065

38 jlumianski the Chopper (level 3, 0/27 HPs)
             Began as a Demonspawn Gladiator on Oct 24, 2022.
             Succumbed to an adder's poison
             ... on level 3 of the Dungeon.
             The game lasted 00:05:49 (1063 turns).

jlumianski the Chopper (Demonspawn Gladiator)       Turns: 1063, Time: 00:05:50

Health: 0/27       AC:  7    Str: 16    XL:     3   Next: 25%
Magic:  3/3        EV: 12    Int:  9    God:
Gold:   62         SH:  0    Dex: 14    Spells: 2/2 levels left

rFire   . . .      SeeInvis .    a - +0 war axe
rCold   . . .      Faith    .    (no shield)
rNeg    . . .      Spirit   .    i - +0 ring mail
rPois   .          Reflect  .    c - +0 helmet
rElec   .          Harm     .    (no cloak)
rCorr   .          Rampage  .    j - +0 pair of gloves
Will    .....                    (no boots)
Stlth   +.........               (no amulet)
HPRegen 0.24/turn                (no ring)
MPRegen 0.08/turn                (no ring)

@: lethally poisoned (0 -> -2), flying
A: hooves 1, sturdy frame 1
a: no special abilities


You were on level 3 of the Dungeon.
You visited 1 branch of the dungeon, and saw 3 of its levels.

You collected 62 gold pieces.

Inventory:

Hand Weapons
 a - a +0 war axe (weapon)
Missiles
 d - 3 throwing nets (quivered)
 e - a javelin
Armour
 b - a +0 leather armour
 c - a +0 helmet (worn)
 i - a +0 ring mail (worn)
 j - a +0 pair of gloves (worn)
Scrolls
 g - a scroll of enchant armour {unknown}
 h - a scroll of enchant weapon {unknown}
 k - 2 scrolls of teleportation {unknown}
 l - a scroll of silence {unknown}
 n - a scroll of summoning {unknown}
 p - a scroll of magic mapping {unknown}
Potions
 f - a potion of resistance
 m - a potion of cancellation {unknown}
 o - a potion of invisibility {unknown}
 q - a potion of flight
 r - a potion of berserk rage {unknown}


   Skills:
 + Level 2.2 Fighting
 + Level 3.4 Axes
 + Level 1.8 Throwing
 + Level 0.3 Armour
 + Level 3.0 Dodging


You had 2 spell levels left.
You didn't know any spells.
Your spell library was empty.

Dungeon Overview and Level Annotations

Branches:
Dungeon (3/15)

Altars:


Innate Abilities, Weirdness & Mutations

You have large cloven feet.
Your movements are slightly less encumbered by armour. (ER -2)


Message History

Your experience leads to an increase in your attributes!
Increase (S)trength, (I)ntelligence, or (D)exterity?
You feel stronger. x2; Your demonic ancestry asserts itself...
Your feet thicken and deform.
You slash the ball python!
You kill the ball python!
You feel sick.
You feel sick.
You are no longer poisoned.
Things that are here:
a ball python corpse; an adder corpse An adder comes into view. 2 jackals come into view.
The jackal barks!
The adder hisses angrily.
The jackal moves out of view.
Found 10 gold pieces.
The adder bites you but does no damage.
You miss the adder. The adder closely misses you. The jackal barely misses you.
The adder barely misses you.
You miss the adder. You slash the jackal!
You kill the jackal!
The adder barely misses you. The adder bites you but does no damage.
You miss the adder. The adder bites you.
* * * LOW HITPOINT WARNING * * *
You are poisoned.
The adder poisons you!
You barely miss the adder.
The jackal barks!
Your kick misses the adder.
* * * LOW HITPOINT WARNING * * *
You feel sick. The adder bites you but does no damage. The adder bites you.
* * * LOW HITPOINT WARNING * * *
You closely miss the adder. Your kick misses the adder.
* * * LOW HITPOINT WARNING * * *
You feel sick. The adder bites you but does no damage.
The adder closely misses you.
It was a potion of flight.
You feel very buoyant.
You fly up into the air.
You die...

### #<# #.# #†#
#####.#
###.....#
#.......######
#.#.###......###
#...h†@...!...
#.####S.......
+........
#........
#.......$
#........
#####.... ##..


You could see an adder and a jackal.

Vanquished Creatures
  An adder (D:3)
  A dart slug (D:1)
  4 endoplasms
  3 giant cockroaches
  A goblin (D:2)
  2 hobgoblins (D:1)
  A jackal (D:3)
  3 kobolds
  A quokka (D:1)
  4 ball pythons
  A bat (D:2)
  4 frilled lizards (D:1)
26 creatures vanquished.

Vanquished Creatures (others)
  5 demonic plants (D:1)
  2 plants (D:1)
  5 withered plants (D:1)
12 creatures vanquished.

Grand Total: 38 creatures vanquished

Notes
Turn   | Place    | Note
-------+----------+-------------------------------------------
     0 | D:1      | jlumianski the Demonspawn Gladiator began the quest for the
                  | Orb.
     0 | D:1      | Reached XP level 1. HP: 16/16 MP: 1/1
   335 | D:1      | Gained mutation: Your movements are slightly less
                  | encumbered by armour. (ER -2) [demonic ancestry]
   335 | D:1      | Reached XP level 2. HP: 22/22 MP: 2/2
   536 | D:1      | Found a faded altar of an unknown god.
  1050 | D:3      | Gained mutation: You have large cloven feet. [demonic
                  | ancestry]
  1050 | D:3      | Reached XP level 3. HP: 9/27 MP: 3/3
  1062 | D:3      | HP: 1/27 [poisoned by an adder]
  1063 | D:3      | Succumbed to an adder's poison

Illustrated notes

Levels and vault maps discovered:
D:1:      lightli_arrival_flooded_house, layout_basic,
          shapermc_ecumenical_altar_gd
D:2:      layout_basic, hex_tiny
D:3:      layout_basic, overflow_temple_1_default, serial_corexii_hall,
          chequers_hall_statues_corner_a, chequers_hall_statues_wall_a

Skill      XL: |  1  2 |
---------------+-------+-----
Dodging        | 3 |  3.0
Axes           | 3 |  3.4
Fighting       | |  2.2
Throwing       | |  1.8
Armour         | |  0.3

Action                   || total
-------------------------++-------
Melee: War axe           ||    75
  Use: Potion            ||     2
 Stab: Sleeping          ||     1
Armor: Ring mail         ||    29
       Leather armour    ||     1
Dodge: Dodged            ||    42

Table legend: (Time is in decaauts)
 A = Elapsed time spent in this place.
 B = Non-inter-level travel time spent in this place.
 C = Inter-level travel time spent in this place.
 D = Time resting spent in this place.
 E = Time spent auto-exploring this place.
 F = Levels seen in this place.
 G = Mean time per level.
                   A        B        C        D        E       F      G
               +--------+--------+--------+--------+--------+-----+--------+
         Total |   1090 |   1067 |     23 |      0 |    404 |   3 |  363.3 |
       Dungeon |   1090 |   1067 |     23 |      0 |    404 |   3 |  363.3 |
               +--------+--------+--------+--------+--------+-----+--------+

Top non-repeatable levels by time:
     D:1: 812 daAuts
     D:2: 212 daAuts
     D:3: 65 daAuts
